Map: Jagannatha LE

Players

Vales

  • Race: Terran Terran
  • League: Diamond
  • Spawn Location: 7:00

Eleven - Winner!

  • Race: Zerg Zerg
  • League: Diamond
  • Spawn Location: 1:00

VOD

Have the link to the VOD?

Description

Time

  • Played on: Dec. 22, 2020, 10:34 p.m.
  • Length: 8:17
Show
View Real Time Build Order
Export as new Build Order

Vales Terran 

Build Orders:  

Get SALT Encoding   

  12  0:01  SCV  
  13  0:17  Supply Depot, SCV  
  14  0:30  Refinery, SCV  
  15  0:42  Barracks  
  15  0:45  SCV  
  16  0:57  SCV  
  17  1:06  Refinery  
  17  1:11  SCV  
  18  1:23  SCV  
  19  1:32  Reaper, Bunker  
  20  1:35  Orbital Command  
  20  1:44  Supply Depot  
  20  1:57  Factory  
  21  2:01  SCV  
  21  2:12  Barracks Reactor  
  21  2:13  SCV  
  22  2:25  SCV  
  23  2:37  SCV  
  23  2:49  Marine x2, SCV  
  23  2:50  Hellion  
  28  2:55  Starport  
  28  3:03  Command Center  
  28  3:05  SCV  
  29  3:15  Hellion  
  31  3:34  Starport Tech Lab  
  31  3:37  Fusion Core  
  31  3:45  Supply Depot  
  31  3:54  Supply Depot  
  31  4:06  Marine x2  
  31  4:07  Medivac, Hellion, SCV  
  31  4:08  Supply Depot  
  38  4:15  Orbital Command  
  38  4:24  Marine x2  
  38  4:29  Hellion, SCV  
  43  4:35  Orbital Command  
  43  4:41  Starport Tech Lab, SCV  
  44  4:53  SCV  
  45  5:00  Barracks Tech Lab  
  45  5:03  Hellion  
  45  5:04  Hellion  
  45  5:05  SCV  
  41  5:19  Marine, SCV  
  43  5:23  Battlecruiser  
  43  5:28  Hellion x2  
  52  5:32  SCV  
  46  5:37  Marine  
  39  5:49  Hellion x2  
  31  5:53  SCV  
  31  5:54  Marine  
  30  6:12  Marine  
  30  6:15  Orbital Command  
  27  6:24  SCV  
  28  6:29  Supply Depot  
  28  6:30  Marine  
  29  6:37  SCV  
  31  6:48  Marine  
  31  7:05  Orbital Command  
  31  7:12  Battlecruiser  
  31  7:16  SCV  
  32  7:32  Marine  
Show
View Real Time Build Order
Export as new Build Order

Eleven Zerg - Winner!

Build Orders: Hatch First 

Get SALT Encoding   

  12  0:00  Drone  
  13  0:12  Overlord  
  13  0:16  Drone  
  14  0:31  Drone x2  
  16  0:50  Hatchery  
  16  0:53  Drone  
  16  0:57  Drone  
  16  1:00  Drone  
  18  1:11  Extractor  
  18  1:17  Spawning Pool  
  16  1:20  Drone  
  16  1:24  Drone  
  18  1:28  Drone  
  19  1:42  Drone  
  20  1:50  Overlord  
  20  2:04  Zergling x4, Queen x2  
  26  2:12  Drone  
  27  2:16  Spine Crawler  
  27  2:19  Drone  
  27  2:41  Drone x4  
  27  2:43  Metabolic Boost  
  30  2:46  Evolution Chamber  
  30  2:48  Spore Crawler  
  28  2:54  Drone x2  
  28  2:58  Drone x2  
  33  3:13  Zerg Melee Weapons Level 1  
  33  3:14  Baneling Nest  
  33  3:15  Drone x2  
  33  3:17  Overlord  
  33  3:19  Overlord  
  34  3:32  Baneling Nest  
  34  3:33  Zergling x4  
  34  3:34  Overlord  
  35  3:39  Zergling x8  
  39  3:42  Zergling x2  
  40  3:48  Zergling x2  
  40  3:52  Zergling x2  
  42  3:56  Zergling x2  
  42  3:59  Zergling x6  
  42  4:02  Zergling x2  
  47  4:09  Zergling x2  
  48  4:12  Zergling x8  
  52  4:21  Lair  
  52  4:23  Zergling x2  
  53  4:29  Hatchery  
  53  4:31  Zergling x4  
  54  4:36  Zergling x6  
  57  4:41  Baneling x3  
  57  4:50  Baneling  
  57  4:51  Baneling x2  
  46  5:14  Zergling x6  
  46  5:15  Zergling x8  
  46  5:17  Baneling  
  52  5:22  Baneling x2  
  51  5:28  Extractor  
  44  5:48  Zergling x12, Queen x2  
  53  5:54  Spore Crawler  
  53  5:56  Spore Crawler  
  47  5:57  Spore Crawler  
  47  6:00  Spore Crawler  
  43  6:18  Queen  
  37  6:24  Queen  
  42  6:25  Zergling x16  
  42  6:26  Zergling x2, Nydus Network  
  45  6:56  Zergling x20  
  45  6:59  Baneling x3  
  49  7:13  Zergling x6  
  49  7:15  Baneling  
  52  7:16  Baneling  
  51  7:25  Drone  
  50  7:37  Nydus Canal  
  50  7:42  Overlord  
  50  7:50  Overlord  
Tags
 
Add a new tag
Caveats
  • Supply blocks, unpowered buildings, or Contaminate may cause inaccurate times.
  • Supply counts are checked every 10 seconds.